 Dungeon Crawl Stone Soup version 0.31-a0-187-gba352fbbf7 (webtiles) character file.

Game seed: 5711617180350090934

162 Gorgondantess the Grasshopper (level 5, -1/41 HPs)
             Began as a Ghoul Warper on June 22, 2023.
             Slain by a rat (2 damage)
             ... on level 3 of the Dungeon.
             The game lasted 00:04:50 (2225 turns).

Gorgondantess the Grasshopper (Ghoul Warper)        Turns: 2225, Time: 00:04:51

Health: -1/41      AC:  6    Str: 15    XL:     5   Next: 43%
Magic:  6/6        EV: 11    Int: 10    God:
Gold:   146        SH:  0    Dex:  8    Spells: 2/7 levels left

rFire   . . .        h - +0 war axe (heavy)
rCold   + . .        (no shield)
rNeg    + + +        a - +0 leather armour
rPois   ∞            k - +0 helmet
rElec   .            f - +0 cloak
rCorr   .            l - +0 pair of gloves
SInv    .            (no boots)
Will    .....        (no amulet)
Stlth   +            m - ring of flight
HPRegen 0.00/turn    (no ring)
MPRegen 0.10/turn

%: no passive effects
@: flying, inhibited regen
A: claws 1, cold resistance 1, negative energy resistance 3, inhibited
regeneration, torment resistance 2, devour on kill
a: no special abilities


You were on level 3 of the Dungeon.
You visited 1 branch of the dungeon, and saw 3 of its levels.

You collected 146 gold pieces.

Inventory:

Hand Weapons
 h - a +0 heavy war axe (weapon)
Missiles
 c - 7 boomerangs of dispersal (quivered)
 d - 4 boomerangs
 g - 4 javelins
 s - 3 poisoned darts
Armour
 a - a +0 leather armour (worn)
 f - a +0 cloak (worn)
 k - a +0 helmet (worn)
 l - a +0 pair of gloves (worn)
Jewellery
 m - a ring of flight (left hand)
Scrolls
 b - 2 scrolls of blinking
 i - a scroll of fog {unknown}
 o - a scroll of noise {unknown}
 p - a scroll of enchant weapon {unknown}
 q - a scroll of fear {unknown}
 r - a scroll of identify {unknown}
Potions
 e - a potion of resistance {unknown}
 j - a potion of enlightenment {unknown}
 n - 5 potions of mutation {unknown}


   Skills:
 - Level 2.2 Fighting
 + Level 3.3 Axes
 - Level 0.9 Throwing
 - Level 1.0 Armour
 - Level 1.8 Dodging
 - Level 2.3 Unarmed Combat
 + Level 1.8 Spellcasting
 + Level 3.8 Translocations
 + Level 0.0 Air Magic


You had 2 spell levels left.
You knew the following spells:

 Your Spells              Type           Power      Damage    Failure   Level
a - Blink                 Tloc           16%        N/A       12%         2
b - Vhi's Electric Charg  Tloc/Air       8%         N/A       47%         3

Your spell library contained the following spells:

 Spells                   Type           Power      Damage    Failure   Level
 Lesser Beckoning         Tloc           16%        N/A       12%         2
 Scorch                   Fire           0%         2d5       52%         2
 Teleport Other           Tloc           8%         N/A       24%         3
 Manifold Assault         Tloc           8%         N/A       63%         4
 Flame Wave               Conj/Fire      0%         2d4       98%         4
 Arcjolt                  Conj/Air       0%         1d10      100%        5
 Plasma Beam              Fire/Air       0%         2x1d10    100%        6
 Summon Cactus Giant      Summ           0%         N/A       100%        6


Dungeon Overview and Level Annotations

Branches:
Dungeon (3/15)

Altars:

Shops:
D:1 :

Annotations:
D:3 Natasha


Innate Abilities, Weirdness & Mutations

You are immune to poison.
You have sharp fingernails.
Your flesh is cold resistant. (rC+)
You are immune to negative energy. (rN+++)
You do not regenerate when monsters are visible.
You are immune to unholy pain and torment.
You thrive by killing the living.


Message History

Found a stone staircase leading down.
Natasha hisses angrily.
The kobold throws a stone.
The stone hits you but does no damage.
The goblin unwields a +2 dagger of distortion.
Its appearance distorts for a moment.
The goblin wields a +2 sling of electrocution.
You hear the crackle of electricity.
The goblin shoots a sling bullet.
The sling bullet hits you.
A rat comes into view.
Found 7 gold pieces.
The kobold hits you but does no damage.
The goblin unwields a +2 sling of electrocution.
It stops crackling.
The goblin wields a +2 dagger of distortion.
Its appearance distorts for a moment.
The goblin closely misses you. The kobold misses you.
You barely miss the goblin. You slash the kobold!
You kill the kobold!
The goblin hits you but does no damage. Space warps horribly around you!
The goblin hits you but does no damage. Space warps around you.
Natasha stares at you and mumbles some strange words.
The magic dart hits you but does no damage.
Unknown command.
Unknown command.
You hit the goblin.
The goblin is moderately wounded.
You closely miss Natasha.
The goblin hits you with a +2 dagger of distortion.
Space warps around you.
* * * LOW HITPOINT WARNING * * *
Natasha stares at you and mumbles some strange words.
The magic dart hits you.
* * * LOW HITPOINT WARNING * * *
The goblin hits you with a +2 dagger of distortion.
* * * LOW HITPOINT WARNING * * *
You blink.
Found a metallic emerald potion.
Unknown command.
You hit the rat.
The rat is severely wounded.
The rat bites you.
You die...

....# .... ... . ... ..
###. #.#####.!. ###...
#.........
.....##########...$...#
...#...........>......# .#
............##..@.....##.#
........# #...#.rg........
.....# ###$...h........
........ ...............
##.##### ###.........$...
...##########......)......
.......#..................
....<.....................
..........................


You could see Natasha, a goblin and a rat.

Vanquished Creatures
  Crazy Yiuf (D:2)
  Terence (D:2)
  Robin (D:2)
  2 adders (D:2)
  2 worms (D:2)
  4 dart slugs
  An endoplasm (D:2)
  A giant cockroach (D:1)
  13 goblins
  8 hobgoblins
  5 jackals
  4 quokkas
  5 ball pythons
  3 bats
  2 frilled lizards
  6 kobolds
  4 rats
63 creatures vanquished.

Notes
Turn   | Place    | Note
-------+----------+-------------------------------------------
     0 | D:1      | Gorgondantess the Ghoul Warper began the quest for the Orb.
     0 | D:1      | Reached XP level 1. HP: 17/17 MP: 2/2
    84 | D:1      | Reached skill level 1 in Armour
   307 | D:1      | Reached XP level 2. HP: 13/24 MP: 3/3
   385 | D:1      | Reached skill level 1 in Axes
  1112 | D:2      | Reached XP level 3. HP: 29/29 MP: 4/4
  1141 | D:2      | Learned a level 2 spell: Blink
  1216 | D:2      | Noticed Terence
  1235 | D:2      | Killed Terence
  1236 | D:2      | Reached XP level 4. HP: 29/36 MP: 5/5
  1424 | D:2      | Noticed Robin
  1484 | D:2      | Killed Robin
  1695 | D:2      | Reached XP level 5. HP: 31/41 MP: 6/6
  1761 | D:2      | Found a runed translucent door.
  1762 | D:2      | Noticed Crazy Yiuf
  1993 | D:2      | Killed Crazy Yiuf
  2126 | D:3      | Learned a level 3 spell: Vhi's Electric Charge
  2217 | D:3      | Noticed Natasha
  2223 | D:3      | HP: 1/41 [goblin/+2 dagger of distortion (2)]
  2225 | D:3      | Slain by a rat

Illustrated notes

Levels and vault maps discovered:
D:1:      eino_arrival_druids_welcome, layout_basic, serial_shops, shop,
          chequers_serial_rivers_room_b, serial_bayou_lake_a
D:2:      layout_basic, minmay_misc_feat_plants, uniq_terence, uniq_robin,
          uniq_crazy_yiuf_cottage
D:3:      layout_rooms, shapermc_ecumenical_altar_venn, minmay_misc_feat_tower,
          uniq_natasha

Skill      XL: |  1  2  3  4 |
---------------+-------------+-----
Armour         | 1 |  1.0
Axes           | 2 3 |  3.3
Translocations | 3 |  3.8
Fighting       | |  2.2
Throwing       | |  0.9
Dodging        | |  1.8
Unarmed Combat | |  2.3
Spellcasting   | |  1.8

Action                     |  1- 3 |  4- 6 || total
---------------------------+-------+-------++-------
  Melee: Unarmed           |    15 |       ||    15
         War axe           |    75 |    70 ||   145
         Punch             |     1 |       ||     1
 Armour: Leather armour    |    54 |    39 ||    93
  Dodge: Dodged            |    74 |    84 ||   158

Table legend: (Time is in decaauts)
 A = Elapsed time spent in this place.
 B = Non-inter-level travel time spent in this place.
 C = Inter-level travel time spent in this place.
 D = Time resting spent in this place.
 E = Time spent auto-exploring this place.
 F = Levels seen in this place.
 G = Mean time per level.
                   A        B        C        D        E       F      G
               +--------+--------+--------+--------+--------+-----+--------+
         Total |   2389 |   2256 |    133 |     26 |   1587 |   3 |  796.3 |
       Dungeon |   2389 |   2256 |    133 |     26 |   1587 |   3 |  796.3 |
               +--------+--------+--------+--------+--------+-----+--------+

Top non-repeatable levels by time:
     D:1: 1111 daAuts
     D:2: 1073 daAuts
     D:3: 204 daAuts
